 Dungeon Crawl Stone Soup version 0.25.1-2-g60ff931df9 (webtiles) character file.

Game seed: 14283214474009505200

196212 Patoropollo the Bludgeoner (level 17, -9/165 HPs)
             Began as a Minotaur Fighter on Oct 11, 2020.
             Was a Follower of Uskayaw.
             Mangled by an Executioner (13 damage)
             ... summoned by a deep elf demonologist
             ... on level 1 of the Vaults.
             The game lasted 01:55:33 (26077 turns).

Patoropollo the Bludgeoner (Minotaur Fighter)      Turns: 26077, Time: 01:55:34

Health: -9/165     AC: 36    Str: 25    XL:     17   Next: 73%
Magic:  0/16       EV:  7    Int:  9    God:    Uskayaw [*.....]
Gold:   2390       SH: 36    Dex: 21    Spells: 16/16 levels left

rFire    + . .     SeeInvis .   K - +4 morningstar (flame)
rCold    x . .     Gourm    .   a - +8 tower shield
rNeg     . . .     Faith    .   U - +11 plate armour "Ozodu Qeeli" {MR+ Regen+ Str+3 Dex+5}
rPois    .         Spirit   .   R - +2 hat {MR+}
rElec    .         Reflect  +   w - +0 cloak
rCorr    .         Harm     .   Y - +0 pair of gloves of the Page of Cups {Regen+ Slay+2}
MR       ++...                  X - +0 pair of boots
Stlth    ..........             S - amulet of reflection
HPRegen  1.17/turn              b - ring of fire
MPRegen  0.15/turn              V - ring "Velolam" {+Fly MR- Int+4 Stlth+}

@: silence, flying, lightly drained
A: retaliatory headbutt, horns 2
}: 1/15 runes: barnacled
a: Renounce Religion


You were on level 1 of the Vaults.
You worshipped Uskayaw.
Uskayaw was noncommittal.
You were not hungry.

You visited 5 branches of the dungeon, and saw 28 of its levels.
You visited the Abyss 1 time.
You also visited: Ossuary and Ice Cave.

You collected 2980 gold pieces.
You spent 590 gold pieces at shops.

Inventory:

Hand Weapons
 t - the +7 whip "Zuecitov" {venom, rF+ rC- Str+2 Int+2}
   (You found it on level 4 of the Dungeon)

   It poisons the flesh of those it strikes.
   It affects your strength (+2).
   It affects your intelligence (+2).
   It protects you from fire.
   It makes you vulnerable to cold.
 K - a +4 morningstar of flaming (weapon)
 T - a +2 vorpal morningstar
Armour
 a - a +8 tower shield (worn)
 q - a +1 tower shield of protection
 w - a +0 cloak (worn)
 R - a +2 hat of magic resistance (worn)
 U - the +11 plate armour "Ozodu Qeeli" (worn) {MR+ Regen+ Str+3 Dex+5}
   (You took it off a skeletal warrior on level 11 of the Dungeon)

   It affects your strength (+3).
   It affects your dexterity (+5).
   It affects your resistance to hostile enchantments.
   It increases your rate of regeneration.
 X - a +0 pair of boots (worn)
 Y - the +0 pair of gloves of the Page of Cups (worn) {Regen+ Slay+2}
   (You bought it in a shop on level 2 of the Orcish Mines)

   It affects your accuracy and damage with ranged weapons and melee attacks
   (+2).
   It increases your rate of regeneration.
Jewellery
 b - a ring of fire (left hand)
 c - an uncursed amulet of regeneration
 d - an uncursed amulet of the acrobat
 A - an uncursed ring of positive energy
 H - an uncursed ring of resist corrosion
 M - an uncursed ring of see invisible
 S - an amulet of reflection (around neck)
 V - the ring "Velolam" (right hand) {+Fly MR- Int+4 Stlth+}
   (You found it on level 5 of the Lair of Beasts)

   [ring of flight]

   It affects your intelligence (+4).
   It affects your resistance to hostile enchantments.
   It lets you fly.
   It makes you more stealthy.
Wands
 y - a wand of iceblast (28)
 G - a wand of acid (13)
 I - a wand of disintegration (41)
 L - a wand of flame (48)
 N - a wand of digging (10)
Scrolls
 e - 11 scrolls of teleportation
 h - a scroll of fear
 i - 7 scrolls of amnesia
 j - 7 scrolls of magic mapping
 k - 4 scrolls of fog
 u - 12 scrolls of remove curse
 O - a scroll of torment
Potions
 g - 5 potions of heal wounds
 m - 6 potions of flight
 n - 16 potions of curing
 o - 5 potions of mutation
 p - 3 potions of brilliance
 r - 3 potions of haste
 s - 2 potions of lignification
 v - 3 potions of berserk rage
 z - 2 potions of invisibility
 B - 7 potions of stabbing
 C - a potion of magic
 D - a potion of ambrosia
 Q - 3 potions of resistance
Miscellaneous
 l - a box of beasts
 J - a phantom mirror
 W - a tin of tremorstones (2/3)
Comestibles
 f - 34 rations
 x - 14 chunks of flesh


   Skills:
 + Level 18.2(18.1) Fighting
 + Level 19.4(19.3) Maces & Flails
 + Level 18.2(18.1) Armour
 + Level 18.2(18.1) Shields


You had 16 spell levels left.
You didn't know any spells.
Your spell library contained the following spells:

 Spells                   Type           Power        Failure   Level  Hunger
 Animate Skeleton         Necr           N/A          99%         1    ##.....
 Beastly Appendage        Tmut           #.....       99%         1    ##.....
 Corona                   Hex            #......      99%         1    ##.....
 Freeze                   Ice            #...         99%         1    ##.....
 Infusion                 Chrm           #...         99%         1    ##.....
 Pain                     Necr           #...         99%         1    ##.....
 Summon Small Mammal      Summ           #...         99%         1    ##.....
 Call Imp                 Summ           #.......     100%        2    ###....
 Ensorcelled Hibernation  Hex/Ice        #.....       100%        2    ###....
 Poisonous Vapours        Pois/Air       #.....       100%        2    ###....
 Shroud of Golubria       Chrm/Tloc      #.....       100%        2    ###....
 Slow                     Hex            #.......     100%        2    ###....
 Song of Slaying          Chrm           #.......     100%        2    ###....
 Sticks to Snakes         Tmut           #.......     100%        2    ###....
 Call Canine Familiar     Summ           #.......     100%        3    ####...
 Confusing Touch          Hex            #.......     100%        3    ####...
 Conjure Flame            Conj/Fire      #.......     100%        3    ####...
 Dazzling Flash           Conj/Hex       #.....       100%        3    ####...
 Frozen Ramparts          Ice            #.....       100%        3    ####...
 Inner Flame              Hex/Fire       #.......     100%        3    ####...
 Mephitic Cloud           Conj/Pois/Air  #.......     100%        3    ####...
 Ozocubu's Armour         Chrm/Ice       #.......     100%        3    ####...
 Portal Projectile        Hex/Tloc       #.....       100%        3    ####...
 Spectral Weapon          Hex/Chrm       #.......     100%        3    ####...
 Spider Form              Tmut/Pois      #.........   100%        3    ####...
 Summon Guardian Golem    Hex/Summ       #.......     100%        3    ####...
 Tukima's Dance           Hex            #.......     100%        3    ####...
 Vampiric Draining        Necr           #.........   100%        3    ####...
 Animate Dead             Necr           N/A          100%        4    #####..
 Cause Fear               Hex            #.........   100%        4    #####..
 Hailstorm                Conj/Ice       #.......     100%        4    #####..
 Ice Form                 Ice/Tmut       #.......     100%        4    #####..
 Leda's Liquefaction      Hex/Erth       #.........   100%        4    #####..
 Summon Ice Beast         Ice/Summ       #.......     100%        4    #####..
 Summon Lightning Spire   Summ/Air       #.......     100%        4    #####..
 Agony                    Necr           #.......     100%        5    ######.
 Blade Hands              Tmut           #.........   100%        5    ######.
 Silence                  Hex/Air        #.........   100%        5    ######.
 Yara's Violent Unravell  Hex/Tmut       #.........   100%        5    ######.
 Freezing Cloud           Conj/Ice/Air   #.........   100%        6    #######
 Haunt                    Necr/Summ      #.........   100%        7    #######
 Ring of Flames           Chrm/Fire      #.........   100%        7    #######
 Borgnjor's Revivificati  Necr           #.........   100%        8    #######
 Death's Door             Chrm/Necr      #.........   100%        8    #######
 Discord                  Hex            #.........   100%        8    #######
 Infestation              Necr           #.........   100%        8    #######
 Necromutation            Tmut/Necr      #.........   100%        8    #######


Dungeon Overview and Level Annotations

Branches:
Dungeon (15/15)            Temple (0/1) D:6            Lair (6/6) D:9
 Shoals (4/4) Lair:3       Spider (0/4) Lair:4        Slime (0/5) Lair:5
    Orc (2/2) D:9             Elf (0/3) Orc:2        Vaults (1/5) D:14
 Depths (0/5) D:15        Ossuary (visited)           IceCv (visited)

Altars:
Ashenzari
Cheibriados
Elyvilon
Fedhas
Kikubaaqudgha
Nemelex Xobeh
Okawaru
Sif Muna
Trog
Uskayaw

Shops:
Orc:1 %   Orc:2 ?[[[   Shoals:1 :   Shoals:4 *


Innate Abilities, Weirdness & Mutations

You reflexively headbutt those who attack you in melee.
You have a pair of horns on your head.


Message History

The hellwing is unaffected.
The Executioner is unaffected.
The deep elf demonologist looks frightened!
The ice devil is unaffected.
You block the Executioner's attack. x5
The Executioner hits you but does no damage.
You block the Executioner's attack. The Executioner closely misses you.
The Executioner hits you.
* * * LOW HITPOINT WARNING * * *
The blizzard demon waves its arms in wide circles.
The air twists around and violently strikes you in flight!
* * * LOW HITPOINT WARNING * * *
The hellwing barely misses you.
The hellwing hits you but does no damage.
Something hits you but does no damage.
As you read the scroll of silence, it crumbles to dust.
A profound silence engulfs you. You block the Executioner's attack. x2
The Executioner hits you but does no damage.
You block the Executioner's attack.
The Executioner hits you but does no damage.
You block the Executioner's attack. The Executioner hits you!
You die...

#.......#e..... #......e'......
#.......'..e... #......2#
#......e# #...>..(#######
#.......#...ยงยง##################
#.......'.....#)#.#.#.#.#.#.#.#.
#.......'...241@4...............
#########...4.#{#.#.#.#.#.#.#.#.
#...e.##################
####''#### #.......# #.......#
#.......# #.......# #.......#


You could see an Executioner (summoned, fast), a blizzard demon (summoned), a
deep elf demonologist (fleeing), an orange demon (summoned), a hellwing
(summoned) and an ice devil (summoned).

Vanquished Creatures
  Rupert (Lair:5)
  Gastronok (Lair:2)
  Ilsuiw (Shoals:4)
  Louise (Shoals:3)
  A stone giant (Orc:1)
  9 merfolk javelineers
  12 merfolk impalers
  Snorg (D:11)
  2 fire dragons
  Fannar (Lair:1)
  4 hydras
  6 centaur warriors
  A merfolk avatar (Shoals:2)
  A catoblepas (Lair:6)
  4 alligator snapping turtles
  15 two-headed ogres
  2 death yaks (Lair:6)
  3 satyrs
  2 ogre magi
  A death knight (D:10)
  4 orc high priests
  9 merfolk aquamancers
  Urug (Orc:1)
  A deep elf knight (Vaults:1)
  3 thrashing horrors (Abyss:2)
  Nergalle (D:10)
  Sonja (D:10)
  6 skeletal warriors
  2 wizards (D:15)
  7 unseen horrors
  7 sea snakes
  10 harpies
  2 lindwurms (Lair:6)
  4 orc knights (Orc:2)
  3 deep elf magi
  6 fauns
  8 orc sorcerers
  6 cyclopes
  8 manticores
  13 ugly things
  8 merfolk sirens
  4 black mambas
  6 torpor snails (Lair:6)
  2 water nymphs
  2 gargoyles
  A naga mage (D:15)
  11 spiny frogs
  11 komodo dragons
  5 yaktaurs (D:15)
  An efreet (D:15)
  5 rime drakes
  A tengu conjurer (D:13)
  A demonic crawler (Lair:4)
  6 wind drakes
  6 trolls
  2 ancient zymes (Abyss:2)
  10 polar bears
  30 merfolk
  3 tyrant leeches (Lair:6)
  Grinder (D:6)
  7 hornets
  17 dream sheep
  13 hippogriffs
  4 snapping turtles
  9 raiju
  7 blink frogs (Lair:6)
  2 shadows
  5 wyverns
  4 wraiths
  61 yaks
  A vampire (D:14)
  8 basilisks
  18 water elementals
  Grum (D:9)
  6 wargs
  3 steam dragons
  3 hungry ghosts
  A soldier ant (D:14)
  14 hell hounds (Lair:6)
  3 acid dragons
  9 water moccasins
  Duvessa (D:6)
  A phantom (D:11)
  13 porcupines
  9 ice beasts
  3 sky beasts
  19 ogres
  14 black bears
  An eye of draining (D:11)
  A necrophage (D:10)
  16 orc warriors
  4 small abominations (Abyss:2)
  18 centaurs
  38 wolves
  9 crocodiles
  2 elf zombies (Ossuary)
  2 big kobolds
  18 bullfrogs
  A gnoll sergeant (D:11)
  Dowan (D:6)
  3 scorpions
  10 killer bees
  7 wights
  5 howler monkeys
  2 vampire bats (Lair:1)
  An electric eel (D:15)
  2 bullfrog zombies
  5 centaur zombies
  12 crimson imps
  6 jellies
  8 hounds
  2 bullfrog skeletons
  2 human zombies (Ossuary)
  10 orc priests
  7 centaur skeletons
  An iron imp (Abyss:2)
  5 iguanas
  18 orc wizards
  11 worker ants
  5 hell rats (Lair:5)
  A killer bee zombie (D:6)
  2 big kobold zombies (Ossuary)
  3 hound zombies
  3 mummies (Ossuary)
  A worker ant zombie (D:10)
  16 gnolls
  7 adders
  A howler monkey skeleton (D:5)
  A shadow imp (D:8)
  A white imp (Abyss:2)
  3 oozes
  An adder skeleton (D:5)
  3 adder zombies
  7 worms
  A dart slug (D:1)
  7 leopard geckos
  78 orcs
  4 ball pythons
  8 giant cockroaches
  3 gnoll zombies (Ossuary)
  2 goblins
  4 hobgoblins
  10 jackals
  4 quokkas
  9 bats
  3 frilled lizards
  9 goblin zombies (Ossuary)
  3 hobgoblin zombies (Ossuary)
  5 jackal zombies
  9 kobolds
  2 kobold zombies (Ossuary)
  A leopard gecko skeleton (D:4)
  An orc zombie (Ossuary)
  A quokka zombie (D:5)
  4 rats (D:1)
  3 rat zombies (Ossuary)
  2 plants (Lair:6)
999 creatures vanquished.

Vanquished Creatures (others)
  A sea snake (Shoals:4)
  A manticore (Shoals:4)
  An orc warrior (Orc:1)
  3 fungi
  19 plants
25 creatures vanquished.

Grand Total: 1024 creatures vanquished

Notes
Turn   | Place    | Note
-------+----------+-------------------------------------------
     0 | D:1      | Patoropollo the Minotaur Fighter began the quest for the
                  | Orb.
     0 | D:1      | Reached XP level 1. HP: 19/19 MP: 0/0
   257 | D:1      | Reached XP level 2. HP: 27/27 MP: 1/1
   837 | D:2      | Reached skill level 3 in Maces & Flails
   841 | D:2      | Reached XP level 3. HP: 31/33 MP: 2/2
   990 | D:2      | Found an ancient bone altar of Kikubaaqudgha.
  1059 | D:2      | Found a faded altar of an unknown god.
  1886 | D:3      | Reached XP level 4. HP: 41/41 MP: 3/3
  2317 | D:4      | Got a smoking whip
  2318 | D:4      | Identified the +7 whip "Zuecitov" {venom, rF+ rC- Str+2
                  | Int+2} (You found it on level 4 of the Dungeon)
  2744 | D:4      | Noticed an ogre
  2759 | D:4      | Killed an ogre
  2759 | D:4      | Reached skill level 4 in Maces & Flails
  2759 | D:4      | Reached XP level 5. HP: 47/47 MP: 4/4
  2793 | D:4      | Found a snail-covered altar of Cheibriados.
  2912 | D:4      | Found a hide-covered altar of Uskayaw.
  2912 | D:4      | Found a blossoming altar of Fedhas.
  2913 | D:4      | Found a white marble altar of Elyvilon.
  2924 | D:4      | Became a worshipper of Uskayaw the Reveler
  3011 | D:4      | Reached * piety under Uskayaw
  3012 | D:4      | Reached skill level 5 in Fighting
  3012 | D:4      | Reached skill level 5 in Armour
  3144 | D:5      | Entered Level 5 of the Dungeon
  3178 | D:5      | Reached skill level 5 in Shields
  3178 | D:5      | Reached ** piety under Uskayaw
  3184 | D:5      | Reached XP level 6. HP: 47/56 MP: 5/5
  3184 | D:5      | Reached *** piety under Uskayaw
  3189 | D:5      | Reached **** piety under Uskayaw
  3650 | D:5      | Reached skill level 5 in Maces & Flails
  3650 | D:5      | Reached XP level 7. HP: 62/62 MP: 6/6
  4107 | D:6      | Found a staircase to the Ecumenical Temple.
  4275 | D:6      | Reached skill level 6 in Maces & Flails
  4275 | D:6      | Reached XP level 8. HP: 68/71 MP: 7/7
  4285 | D:6      | Reached ***** piety under Uskayaw
  4368 | D:6      | Found an iron altar of Okawaru.
  4404 | D:6      | Noticed Duvessa
  4405 | D:6      | Noticed Dowan
  4418 | D:6      | Killed Duvessa
  4425 | D:6      | Killed Dowan
  4568 | D:6      | Found a sand-covered staircase.
  4568 | D:6      | Noticed Grinder
  4579 | D:6      | Killed Grinder
  4582 | Ossuary  | Entered an ossuary
  4622 | Ossuary  | Reached skill level 7 in Maces & Flails
  5283 | D:7      | Reached XP level 9. HP: 81/81 MP: 8/8
  5354 | D:7      | Found a shattered altar of Ashenzari.
  5505 | D:7      | Got a warped chain mail
  5521 | D:7      | Identified the +1 chain mail "Unkius" {rC++} (You found it
                  | on level 7 of the Dungeon)
  6078 | D:7      | Reached skill level 8 in Maces & Flails
  7112 | D:8      | Reached skill level 9 in Maces & Flails
  7112 | D:8      | Reached XP level 10. HP: 91/91 MP: 9/9
  7131 | D:8      | Reached ****** piety under Uskayaw
  7255 | D:9      | Reached skill level 10 in Fighting
  7255 | D:9      | Reached skill level 10 in Armour
  7259 | D:9      | Reached skill level 10 in Shields
  7270 | D:9      | Noticed Grum
  7286 | D:9      | Killed Grum
  7406 | D:9      | Reached skill level 10 in Maces & Flails
  7574 | D:9      | Found a staircase to the Lair.
  7595 | D:9      | Found a shimmering blue altar of Sif Muna.
  7683 | D:9      | Reached XP level 11. HP: 75/101 MP: 10/10
  7935 | D:9      | Found a staircase to the Orcish Mines.
  8152 | D:10     | Entered Level 10 of the Dungeon
  8265 | D:10     | Noticed an unseen horror
  8290 | D:10     | Killed an unseen horror
  8339 | D:10     | Noticed a death knight
  8344 | D:10     | Identified the +10 spear "Ahumm" {pain, MR- Dex+4 Stlth+}
  8361 | D:10     | Killed a death knight
  8583 | D:10     | Noticed Sonja
  8587 | D:10     | Killed Sonja
  8587 | D:10     | Reached skill level 11 in Maces & Flails
  8715 | D:10     | Noticed an unseen horror
  8729 | D:10     | Killed an unseen horror
  9002 | D:11     | Noticed an unseen horror
  9007 | D:11     | Killed an unseen horror
  9057 | D:11     | Noticed a brown ugly thing
  9074 | D:11     | Killed a brown ugly thing
  9262 | D:11     | Noticed a five-headed hydra
  9282 | D:11     | Killed a five-headed hydra
  9282 | D:11     | Reached XP level 12. HP: 76/112 MP: 11/11
  9284 | D:11     | Noticed a two-headed ogre
  9297 | D:11     | Killed a two-headed ogre
  9329 | D:11     | Reached skill level 12 in Maces & Flails
  9395 | D:11     | Noticed a two-headed ogre
  9402 | D:11     | Killed a two-headed ogre
  9578 | D:11     | Noticed a two-headed ogre
  9586 | D:11     | Killed a two-headed ogre
  9695 | D:11     | Identified the +1 glaive "Death Rattle" {vorpal, rF+ rN+
                  | Str+8 Int-3}
  9697 | D:11     | Noticed Snorg
  9715 | D:11     | Killed Snorg
  9718 | D:11     | Noticed a two-headed ogre
  9718 | D:11     | Noticed a centaur warrior
  9995 | D:11     | Identified the +11 plate armour "Ozodu Qeeli" {MR+ Regen+
                  | Str+3 Dex+5}
 10328 | D:11     | Reached skill level 14 in Maces & Flails
 10328 | D:11     | Reached XP level 13. HP: 119/119 MP: 12/12
 10587 | Lair:1   | Entered Level 1 of the Lair of Beasts
 10605 | Lair:1   | Reached skill level 15 in Maces & Flails
 10795 | Lair:1   | Found a frozen archway.
 10848 | IceCv    | Entered an ice cave
 11184 | Lair:1   | Noticed Fannar
 11208 | Lair:1   | Killed Fannar
 11834 | Lair:2   | Reached XP level 14. HP: 129/129 MP: 13/13
 12249 | Lair:2   | Noticed Gastronok
 12275 | Lair:2   | Killed Gastronok
 12346 | Lair:2   | Found a sparkling altar of Nemelex Xobeh.
 13073 | Lair:3   | Found a staircase to the Shoals.
 13956 | Lair:4   | Found a hole to the Spider Nest.
 14183 | Lair:5   | Found a staircase to the Slime Pits.
 14407 | Lair:5   | Noticed Rupert
 14413 | Lair:5   | Killed Rupert
 14413 | Lair:5   | Reached skill level 16 in Maces & Flails
 14463 | Lair:5   | Got a steaming marble ring
 14470 | Lair:5   | Identified the ring "Velolam" {+Fly MR- Int+4 Stlth+} (You
                  | found it on level 5 of the Lair of Beasts)
 14844 | Lair:6   | Entered Level 6 of the Lair of Beasts
 15695 | Lair:6   | Reached XP level 15. HP: 139/139 MP: 14/14
 15725 | Lair:6   | Reached skill level 15 in Armour
 15725 | Lair:6   | Reached skill level 15 in Shields
 15816 | Lair:6   | Reached skill level 15 in Fighting
 15919 | Lair:6   | Found a runed translucent door.
 17378 | D:13     | Reached skill level 17 in Maces & Flails
 17551 | D:13     | Got a pair of faintly humming gloves
 17553 | D:13     | Identified the cursed +0 pair of gloves of Pride {Int+2}
                  | (You found it on level 13 of the Dungeon)
 18422 | D:14     | Found a gate to the Vaults.
 18500 | D:14     | You fall into a shaft and drop 1 floor!
 18500 | D:15     | Entered Level 15 of the Dungeon
 19028 | D:15     | Reached XP level 16. HP: 138/151 MP: 15/15
 19064 | D:15     | Found a staircase to the Depths.
 20087 | Shoals:1 | Entered Level 1 of the Shoals
 20670 | Shoals:1 | Found Ferezao's Book Boutique.
 20936 | Shoals:1 | Reached skill level 18 in Maces & Flails
 22170 | Shoals:3 | Noticed Louise
 22190 | Shoals:3 | Killed Louise
 22621 | Shoals:4 | Entered Level 4 of the Shoals
 22721 | Shoals:4 | Got a barnacled rune of Zot
 22977 | Shoals:4 | Found Cacodub's Commerce Corner.
 22988 | Shoals:4 | Noticed Ilsuiw
 23063 | Shoals:4 | Killed Ilsuiw
 23063 | Shoals:4 | Reached XP level 17. HP: 133/162 MP: 16/16
 23400 | Shoals:4 | Identified the +5 war axe of Zupsizus {vorpal, Int+4}
 23473 | Shoals:4 | Reached skill level 19 in Maces & Flails
 23643 | Shoals:4 | Cast into level 2 of the Abyss (merfolk impaler)
 23895 | Shoals:4 | Escaped the Abyss
 24472 | Orc:1    | Entered Level 1 of the Orcish Mines
 24474 | Orc:1    | Paralysed by an orc sorcerer for 2 turns
 24649 | Orc:2    | Entered Level 2 of the Orcish Mines
 24649 | Orc:2    | Found a staircase to the Elven Halls.
 24774 | Orc:2    | Found a bloodstained altar of Trog.
 25083 | Orc:2    | Found Duifyiri's Antique Armour Shoppe.
 25083 | Orc:2    | Found Xawkott's Magic Scroll Shop.
 25085 | Orc:2    | Found Rovacu's Antique Armour Shoppe.
 25085 | Orc:2    | Found Ubbedount's Antique Armour Shop.
 25155 | Orc:2    | Bought a pair of ichor-stained gloves for 313 gold pieces
 25162 | Orc:2    | Bought a pair of glowing boots for 277 gold pieces
 25165 | Orc:2    | Identified the +0 pair of gloves of the Page of Cups
                  | {Regen+ Slay+2} (You bought it in a shop on level 2 of the
                  | Orcish Mines)
 25305 | Orc:1    | Noticed Urug
 25427 | Orc:1    | Found Xaliperph's Food Shop.
 25625 | Orc:1    | Killed Urug
 25654 | D:10     | Noticed Nergalle
 25660 | D:10     | Killed Nergalle
 25820 | Vaults:1 | Entered Level 1 of the Vaults
 26076 | Vaults:1 | HP: 3/165 [blizzard demon/the air[a deep elf demonologist]
                  | (12)]
 26077 | Vaults:1 | Mangled by an Executioner

Illustrated notes

Levels and vault maps discovered:
D:1:      kennysheep_arrival_seaside, layout_rooms
D:2:      layout_basic, lemuel_round_altar, chequers_ecumenical_altar_island,
          kennysheep_generic_room_10
D:3:      layout_basic, chequers_garden, minmay_misc_feat_cross,
          minmay_liquid_box
D:4:      layout_loops_ring, minitemple, wad_floor_pattern_2,
          cheibriados_altar_1
D:5:      layout_loops_ring, first_ration
D:6:      layout_basic, minmay_temple_entry_wispy, enter_ossuary_1,
          okawaru_gym_becter, uniq_duvessa, uniq_grinder
D:7:      layout_loops_ring, cheibrodos_ashenzari_chains,
          serial_co_window_serial, co_window_cross_1, co_window_corner_a,
          co_window_paths_a, co_window_cross_1, co_window_corner_a,
          co_window_paths_a, co_window_corner_a, co_window_unsneaky_path_a,
          co_window_corner_b, co_window_broadway_c, co_window_2corner,
          co_window_corner_cb, co_window_corner_b, co_window_sun,
          glass_columns_c, glass_columns_a, glass_columns_b
D:8:      layout_basic
D:9:      layout_long_grid, old_standard_altar, david_lair_shrubbed,
          orc_0_dummy, uniq_grum
D:10:     layout_roguey, uniq_sonja, uniq_nergalle
D:11:     minmay_the_grid_octo_2x2 [minmay_the_grid_octo_focus,
          minmay_the_grid_octo_clover, minmay_the_grid_octo_empty,
          minmay_the_grid_octo_prize_ultimate_mussel_roller],
          layout_irregular_city, uniq_snorg
D:12:     layout_gridville
D:13:     layout_loops_ring, grunt_tengu_nest
D:14:     layout_roguey, david_vaults_2, grunt_decor_resistance, hex_large
D:15:     grunt_enter_depths_magical_seal, layout_basic,
          minmay_misc_feat_enclosed
Lair:1:   layout_gridlike, portal_ice_cave_rime, roderic_batcave,
          chequers_serial_rivers_marsh, lemuel_fruit_fields, uniq_fannar
Lair:2:   layout_cave_pods, basic_altar, uniq_gastronok
Lair:3:   layout_roguey, minmay_shoals_entry_beasts
Lair:4:   layout_misc_corridors, nicolae_spider_entry_non_spiders
Lair:5:   layout_gridlike, slime_dummy, uniq_rupert
Lair:6:   hangedman_lair_caniforms_friends, layout_regular_city, wormcave,
          nicolae_lair_grove_arrangements, serial_bayou_lagoon_a, st_stairs_10,
          grunt_forest_large_clearing_hut
Shoals:1: layout_shoals, serial_shops, shop, nicolae_shoals_drake_roost
Shoals:2: layout_shoals
Shoals:3: layout_shoals, uniq_louise
Shoals:4: shoals_end_simple, layout_shoals, shoal_ilsuiw, nicolae_alphabet_shops
Orc:1:    layout_caves, serial_shops, shop, uniq_urug
Orc:2:    grunt_orc_tribal_feast, layout_caves, basic_altar
Vaults:1: dpeg_vaults_monster_box, ontoclasm_vaults_pinch, vaults_room_pool,
          vaults_room_grunt_arrival_ludios, nicolae_vaults_back_hallway,
          hangedman_vaults_snaps, v_misc_11, v_alt_pattern_1,
          nicolae_vaults_theta, vaults_mumra_hex, hangedman_vaults_capsules,
          layout_vaults_ring, nicolae_trove_entry_diagonal, uniq_saint_roka

Skill      XL: |  1  2  3  4  5  6  7  8  9 10 11 12 13 14 15 16 17 |
---------------+----------------------------------------------------+-----
Armour         | 4 5 6 8 9 10 12 13 14 16 17 18 | 18.2
Fighting       | 4 5 6 8 9 10 12 13 14 16 17 18 | 18.2
Shields        | 4 5 6 7 9 10 12 13 14 16 17 18 | 18.2
Maces & Flails | 3 4 5 6 7 9 10 11 14 15 16 17 18 19 | 19.4

Action                   |  1- 3 |  4- 6 |  7- 9 | 10-12 | 13-15 | 16-18 || total
-------------------------+-------+-------+-------+-------+-------+-------++-------
Melee: Flail             |    84 |     5 |       |       |       |       ||    89
       Headbutt          |    15 |    20 |    81 |   140 |   336 |   311 ||   903
       Whip              |       |    95 |   357 |   522 |   180 |       ||  1154
       Morningstar       |       |       |       |       |   946 |  1000 ||  1946
Evoke: Wand              |       |       |       |     2 |       |     1 ||     3
       Tin of tremorston |       |       |       |       |       |     1 ||     1
  Use: Scroll            |       |       |    12 |    16 |    17 |    12 ||    57
       Potion            |       |       |       |     2 |     4 |    12 ||    18
 Stab: Paralysed         |       |     2 |    19 |    23 |    70 |    55 ||   169
       Sleeping          |       |       |       |       |     4 |       ||     4
  Eat: Chunk             |     3 |     2 |     1 |     4 |     6 |     5 ||    21
       Ration            |       |     1 |     3 |     5 |     6 |     5 ||    20
Armor: Scale mail        |    45 |    36 |    55 |       |       |       ||   136
       Chain mail        |       |       |    73 |   108 |       |       ||   181
       Plate armour      |       |       |       |     5 |   277 |   329 ||   611
Dodge: Dodged            |    31 |    20 |    57 |    39 |    73 |    93 ||   313
Block: Kite shield       |    49 |    44 |    65 |       |       |       ||   158
       Tower shield      |       |       |   138 |   351 |  1024 |  1237 ||  2750
       Reflection        |       |       |       |       |       |    36 ||    36
